 Dungeon Crawl Stone Soup version 0.31-a0-844-gdc52ec4e09 (webtiles) character file.

Game seed: 17890269032336815520

105987 Kusto the Marksdraconian (level 15, -23/143 HPs)
             Began as a Pale Draconian Shapeshifter on Sept 24, 2023.
             Was a Priest of Ashenzari.
             Shot with an arrow by a satyr (35 damage)
             ... on level 3 of the Shoals on Sept 28, 2023.
             The game lasted 11:58:50 (33387 turns).

Kusto the Marksdraconian (DrSh)                    Turns: 33387, Time: 11:58:53

Health: -23/143    AC:  9    Str: 17    XL:     15   Next: 96%
Magic:  26/26      EV: 16    Int: 12    God:    Ashenzari [***...]
Gold:   931        SH:  0    Dex: 19    Spells: 10/28 levels left

rFire   + . .        r - +9 orcbow of the Fated Visionary {drain, Bglg, Dev} (curse)
rCold   + . .        (shield currently unavailable)
rNeg    . . .        (body armour unavailable)
rPois   .            (helmet currently unavailable)
rElec   .            (cloak currently unavailable)
rCorr   .            (gloves currently unavailable)
SInv    +            (boots currently unavailable)
Will    .....        a - amulet of the Restrained Gloom {Acrobat +Inv Dex+3, Bglg, Dev} (curse)
Stlth   ++           g - ring of Ashenzari's Soothsayer {rF+, Fort, Bglg} (curse)
HPRegen 0.43/turn    y - ring of the Clairvoyant Comet {rC+, Bglg, Elem} (curse)
MPRegen 0.20/turn

%: acrobat, clarity
@: beast-form, weak-willed, very slow
A: beast (slay +2), breathe steam, AC +9, unfitting armour, cold-blooded, steam
resistance
a: Breathe Steam, Begin Untransformation, Renounce Religion, Evoke Invisibility,
Curse Item, Shatter the Chains


You were on level 3 of the Shoals.
You worshipped Ashenzari.
Ashenzari was most pleased with you.
You were a hulking beast.
You visited 4 branches of the dungeon, and saw 24 of its levels.
You also visited: Ossuary.

You collected 2425 gold pieces.
You spent 1494 gold pieces at shops.

Inventory:

Hand Weapons
 r - the cursed +9 orcbow of the Fated Visionary (weapon) {drain, Bglg, Dev}
   (You bought it in a shop on level 1 of the Dungeon)

   It has a curse which improves the following skills: Beguiling: Conjurations,
   Hexes and Translocations.
   Devices:   Evocations and Shapeshifting.
 z - the +7 hand axe of Eternal Vigilance {vamp, rC++}
   (You found it on level 5 of the Dungeon)

   rC++:      It greatly protects you from cold.
 X - the +2 quarterstaff "Duos Muc" {heavy, Contam rF+++ rN+ rCorr}
   (You found it on level 10 of the Dungeon)

   rF+++:     It renders you almost immune to fire.
   rN+:       It protects you from negative energy.
   Contam:    It causes magical contamination when unequipped.
   rCorr:     It protects you from acid and corrosion.
Missiles
 n - 31 poisoned darts
 x - 7 javelins
 A - 14 boomerangs
Armour
 h - a scarf of resistance
 j - a +2 cloak of willpower
 k - +0 steam dragon scales
 C - a +1 hat of stealth
 Q - a +0 pair of gloves
Jewellery
 a - the cursed amulet of the Restrained Gloom (around neck) {Acrobat +Inv Dex+3, Bglg, Dev}
   (You bought it in a shop on level 2 of the Orcish Mines)

   [amulet of the acrobat]

   Acrobat:   It increases your evasion while moving and waiting.
   Dex+3:     It affects your dexterity (+3).
   +Inv:      It lets you turn invisible.
   It has a curse which improves the following skills: Beguiling: Conjurations,
   Hexes and Translocations.
   Devices:   Evocations and Shapeshifting.
 g - the cursed ring of Ashenzari's Soothsayer (left hand) {rF+, Fort, Bglg}
   (You found it on level 2 of the Dungeon)

   [ring of protection from fire]

   rF+:       It protects you from fire.
   It has a curse which improves the following skills: Fortitude: Shields.
   Beguiling: Conjurations, Hexes and Translocations.
 t - an amulet of magic regeneration
 w - a ring of willpower
 y - the cursed ring of the Clairvoyant Comet (right hand) {rC+, Bglg, Elem}
   (You found it on level 4 of the Dungeon)

   [ring of protection from cold]

   rC+:       It protects you from cold.
   It has a curse which improves the following skills: Beguiling: Conjurations,
   Hexes and Translocations.
   Elements:  Fire Magic, Ice Magic, Air Magic and Earth Magic.
 D - a +6 ring of intelligence
 F - an amulet of guardian spirit
 G - a ring of resist corrosion
 H - a ring of positive energy
 K - a ring of poison resistance
 R - a ring of magical power
Talismans
 b - a beast talisman (active)
 c - a flux talisman
 E - a blade talisman
Wands
 N - a wand of flame (29)
 P - a wand of charming (24)
 V - a wand of mindburst (5)
 Y - a wand of digging (2)
 Z - a wand of iceblast (18)
Scrolls
 m - 8 scrolls of enchant armour
 o - 3 scrolls of poison
 p - 4 scrolls of amnesia
 q - 4 scrolls of teleportation
 B - 2 scrolls of fog
 J - 2 scrolls of immolation
 M - 2 scrolls of brand weapon
 S - a scroll of enchant weapon
 U - 4 scrolls of vulnerability
Potions
 d - 3 potions of enlightenment
 e - 3 potions of magic
 l - 2 potions of cancellation
 s - 6 potions of might
 u - 5 potions of attraction
 v - 6 potions of brilliance
 I - 3 potions of ambrosia
 L - 2 potions of berserk rage
 O - 2 potions of degeneration
 T - a potion of curing
 W - a potion of mutation


   Skills:
 + Level 15.7 Fighting
 + Level 0.3 Short Blades
 + Level 18.0 Ranged Weapons
 + Level 4.7 Throwing
 + Level 7.1 Dodging
 + Level 4.5 Stealth
 + Level 3.4 Unarmed Combat
 + Level 7.4 Spellcasting
 + Level 0.7(2.4) Conjurations
 + Level 6.3(9.9) Hexes
 + Level 2.2 Summonings
 + Level 3.6(5.0) Ice Magic
 + Level 1.4(2.4) Air Magic
 + Level 1.6(3.2) Evocations
 + Level 3.2(5.1) Shapeshifting


You had 10 spell levels left.
You knew the following spells:

 Your Spells              Type           Power      Damage    Failure   Level
a - Ensorcelled Hibernat  Hex/Ice        44%        N/A       1%          2
b - Shock                 Conj/Air       40%        1d5       6%          1
c - Tukima's Dance        Hex            28%        N/A       1%          3
d - Dazzling Flash        Conj/Hex       38%        N/A       3%          3
e - Cause Fear            Hex            14%        N/A       2%          4
f - Call Imp              Summ           18%        N/A       10%         2
g - Swiftness             Air            10%        N/A       17%         3

Your spell library contained the following spells:

 Spells                   Type           Power      Damage    Failure   Level
 Magic Dart               Conj           40%        1d5       6%          1
 Inner Flame              Hex/Fire       16%        N/A       6%          3
 Searing Ray              Conj           20%        2d5       9%          2
 Fulminant Prism          Conj/Hex       9%         3d7       12%         4
 Lesser Beckoning         Tloc           10%        N/A       19%         2
 Dimensional Bullseye     Hex/Tloc       8%         N/A       19%         4
 Mephitic Cloud           Conj/Pois/Air  8%         N/A       24%         3
 Gell's Gravitas          Tloc           5%         N/A       36%         3
 Teleport Other           Tloc           5%         N/A       36%         3
 Volatile Blastmotes      Fire/Tloc      10%        2d10      38%         3
 Airstrike                Air            5%         2d(1-17)  50%         4
 Yara's Violent Unravell  Hex/Tmut       8%         3d5       50%         5
 Iskenderun's Mystic Bla  Conj/Tloc      7%         2d4       65%         4
 Flame Wave               Conj/Fire      7%         2d5       67%         4
 Sticky Flame             Conj/Fire      7%         2d3       67%         4
 Passage of Golubria      Tloc           5%         N/A       77%         4
 Starburst                Conj/Fire      3%         6d3       100%        6
 Maxwell's Capacitive Co  Air            5%         ∞         100%        8


Dungeon Overview and Level Annotations

Branches:
Dungeon (14/15)            Temple (0/1) D:4            Lair (5/5) D:9
 Shoals (3/4) Lair:3        Snake (0/4) Lair:2        Slime (0/5) Lair:4
    Orc (2/2) D:10            Elf (0/3) Orc:2       Ossuary (visited)
 Vaults: D:13-14

Altars:
Ashenzari
Elyvilon
Kikubaaqudgha
Makhleb
Nemelex Xobeh
Okawaru
Sif Muna
Vehumet
Jiyva

Shops:
D:1 (   D:2 ?   D:3 ?   Orc:2 (*=[   Shoals:1 =

Portals:
Hell: Lair:5

Annotations:
D:14 Azrael


Innate Abilities, Weirdness & Mutations

You are a hulking beast.
Your limbs bulge with bestial killing power. (Slay +2)
You can breathe blasts of scalding, opaque steam.
Your pale cyan-grey scales are hard. (AC +9)
You cannot fit into any form of body armour.
You are cold-blooded and may be slowed by cold attacks.
You are immune to the effects of steam.


Message History

Fire: r) +9 orcbow of the Fated Visionary {drain, Bglg, Dev} (curse)
Press: ? - help, Shift-Dir - straight line, f - faun, p - faun
Aim: a faun, wielding a +0 spear (78% to hit)
You shoot an arrow. The arrow hits the faun!!
You drain the faun.
The faun is severely wounded.
The satyr shoots an arrow.
The arrow hits you!!
The faun unwields a +0 spear.
The faun wields a +0 sling.
The faun shoots a sling bullet.
The sling bullet closely misses you.
Fire: r) +9 orcbow of the Fated Visionary {drain, Bglg, Dev} (curse)
Press: ? - help, Shift-Dir - straight line, f/p - faun
Aim: a faun, wielding a +0 sling (severely wounded, lightly drained, 78% to hit)
You shoot an arrow. The arrow hits the faun!!
You kill the faun!
You hear a splash. x2
The faun shoots a sling bullet.
The sling bullet hits you.
The satyr shoots an arrow.
The arrow hits you!!
* * * LOW HITPOINT WARNING * * *
You feel much better.
The faun shoots a sling bullet.
The sling bullet hits you.
The satyr shoots an arrow.
The arrow hits you!!
* * * LOW HITPOINT WARNING * * *
Fire: r) +9 orcbow of the Fated Visionary {drain, Bglg, Dev} (curse)
Press: ? - help, Shift-Dir - straight line, f - faun
Aim: a faun, wielding a +0 sling (severely wounded, lightly drained, 78% to hit)
You shoot an arrow. The arrow barely misses the faun.
The faun shoots a sling bullet.
The sling bullet hits you!
* * * LOW HITPOINT WARNING * * *
Fire: r) +9 orcbow of the Fated Visionary {drain, Bglg, Dev} (curse)
Press: ? - help, Shift-Dir - straight line, f/p - faun
Aim: a faun, wielding a +0 sling (severely wounded, lightly drained, 78% to hit)
You shoot an arrow. The arrow hits the faun!
The faun is almost dead.
The satyr shoots an arrow.
The arrow closely misses you.
Fire: r) +9 orcbow of the Fated Visionary {drain, Bglg, Dev} (curse)
Press: ? - help, Shift-Dir - straight line, f/p - faun
Aim: a faun, wielding a +0 sling (almost dead, lightly drained, 78% to hit)
You shoot an arrow. The arrow hits the faun!!
You kill the faun!
You hear a splash. x2
The satyr shoots an arrow.
The arrow hits you!!
You die...

~..##~~~~~~~~~≈≈≈≈≈≈≈≈≈
..##..~~~~~~~~≈≈≈≈≈≈≈≈≈≈
..###..~~~~~~~≈≈≈≈≈≈≈≈≈≈
### ##.~~~~~~~≈≈≈≈≈≈≈≈≈~
# #..~~~~~~≈≈≈≈≈≈≈≈~~
####..~~~≈≈~~~≈≈≈≈≈≈~~
###.#...~~~~~~~~≈≈≈≈≈≈~~
##......~~~~~~~~≈≈≈≈≈≈~~
##..~~...~~~~~~~h≈≈≈≈~~~
##....##.~.~~~~~~≈≈≈≈~~~
.........~~~~~~~~P≈≈~~~~
)...~~...~~~~~~~P~~~~~~~
~~~~~~~~~~~~~~~~~~~~~~~~
..~~~.~~~~~~~~~~~~~~~~~P
.~)~..~~~~)~~~~~~~~~....
~~~....~~~)c~~~.....###.
~~.......~~~........#


You could see a satyr.

Vanquished Creatures
  An orc warlord (Orc:2)
  A dire elephant (Lair:5)
  Snorg (D:10)
  2 merfolk impalers (Shoals:2)
  Harold (D:10)
  A catoblepas (Lair:5)
  Erolcha (D:12)
  6 hydras
  7 boulder beetles
  A centaur warrior (D:9)
  A merfolk avatar (Shoals:1)
  2 two-headed ogres
  An alligator snapping turtle (Shoals:2)
  9 death yaks (Lair:5)
  A satyr (Shoals:3)
  2 orc high priests
  A sun demon (Lair:5)
  Sonja (Orc:1)
  4 skysharks
  8 sea snakes
  4 skeletal warriors (D:12)
  A lindwurm (Lair:5)
  A deep elf zephyrmancer (Orc:2)
  A wizard (Lair:5)
  7 orc knights
  4 orc sorcerers (Orc:2)
  5 cyclopes
  4 deep elf pyromancers
  4 fauns
  5 manticores
  3 black mambas
  3 merfolk sirens
  Maurice (D:12)
  4 ugly things
  14 elephants
  2 water nymphs
  A gargoyle (D:10)
  9 cane toads
  4 orange demons (Lair:5)
  13 komodo dragons
  Psyche (D:10)
  3 unseen horrors
  8 rime drakes
  2 tengu conjurers (D:13)
  2 efreet (D:9)
  A freezing wraith (D:9)
  2 red devils (Lair:5)
  6 merfolk
  11 trolls
  2 polar bears
  A hellwing (Lair:5)
  A wind drake (Shoals:3)
  A hornet (D:9)
  6 dream sheep
  25 blink frogs
  5 snapping turtles
  4 slime creatures
  8 wraiths
  6 shadows
  4 water elementals
  55 yaks
  4 vampires
  5 wyverns
  3 basilisks
  7 steam dragons
  4 vampire mosquitoes
  3 hell hounds (Lair:5)
  6 nagas (Lair:2)
  11 water moccasins
  2 acid dragons (D:12)
  6 wargs
  A swamp drake (Orc:2)
  An ice beast (D:6)
  2 sky beasts
  32 orc warriors
  3 black bears
  9 centaurs
  6 ogres
  3 phantoms
  A kobold brigand (D:8)
  24 bullfrogs
  2 gnoll sergeants (D:9)
  A scorpion (D:5)
  8 wights
  3 water moccasin zombies (Ossuary)
  A troll zombie (D:10)
  8 killer bees (D:9)
  7 howler monkeys
  A crimson imp (Orc:2)
  4 hounds
  2 jellies
  15 orc priests
  8 iguanas
  An iron imp (Orc:2)
  A sleepcap (D:8)
  25 orc wizards
  5 hell rats (Lair:3)
  7 ogre zombies (D:10)
  2 mummies (Ossuary)
  3 gnolls (D:9)
  10 adders
  A shadow imp (Orc:2)
  4 white imps
  An ufetubus (D:7)
  6 adder zombies (Ossuary)
  3 worms
  5 dart slugs
  75 orcs
  6 bats
  7 endoplasms
  5 giant cockroaches
  A gnoll zombie (Ossuary)
  10 goblins
  3 hobgoblins
  5 jackals
  5 quokkas
  3 ball pythons
  6 frilled lizards
  A goblin skeleton (D:10)
  2 goblin zombies (D:10)
  3 hobgoblin skeletons (D:10)
  5 hobgoblin zombies
  7 kobolds
  8 kobold zombies (Ossuary)
  22 orc zombies
  6 rats
743 creatures vanquished.

Vanquished Creatures (collateral kills)
  A two-headed ogre (D:9)
  An orc warrior (Orc:2)
  3 orcs
5 creatures vanquished.

Vanquished Creatures (others)
  A merfolk aquamancer (Shoals:2)
  11 dancing weapons
  2 centaur simulacra (D:9)
14 creatures vanquished.

Grand Total: 762 creatures vanquished

Notes
Turn   | Place    | Note
-------+----------+-------------------------------------------
     0 | D:1      | Kusto the Draconian Shapeshifter began the quest for the
                  | Orb.
     0 | D:1      | Reached XP level 1. HP: 16/16 MP: 1/1
   167 | D:1      | Reached XP level 2. HP: 23/23 MP: 2/2
   496 | D:1      | Found Lonusad's Antique Weapon Boutique.
   603 | D:1      | Got a conspicuous book
  1257 | D:2      | Reached skill level 1 in Ranged Weapons
  1353 | D:2      | Reached XP level 3. HP: 28/28 MP: 3/3
  1428 | D:2      | Found Tiwkirub's Magic Scroll Shoppe.
  1646 | D:2      | Found a faded altar of an unknown god.
  1682 | D:2      | Reached skill level 2 in Ranged Weapons
  1976 | D:3      | Reached XP level 4. HP: 35/35 MP: 4/4
  1980 | D:3      | Learned a level 2 spell: Ensorcelled Hibernation
  2200 | D:1      | Bought a glowing orcbow for 195 gold pieces
  2254 | D:3      | Found Emiyloan's Magic Scroll Emporium.
  2393 | D:3      | Found a broken altar of Ashenzari.
  2759 | D:3      | Reached skill level 3 in Ranged Weapons
  2926 | D:3      | Became a worshipper of Ashenzari the Shackled
  3054 | D:4      | Noticed a phantom
  3058 | D:4      | Killed a phantom
  3059 | D:4      | Reached XP level 5. HP: 41/41 MP: 5/5
  3093 | D:4      | Found a sand-covered staircase.
  3101 | Ossuary  | Entered an ossuary
  3163 | Ossuary  | Reached skill level 4 in Ranged Weapons
  3240 | Ossuary  | Reached XP level 6. HP: 23/50 MP: 6/6
  3516 | D:3      | Bought a scroll of enchant weapon for 97 gold pieces
  3516 | D:3      | Bought a scroll of identify for 26 gold pieces
  3611 | D:4      | Reached skill level 5 in Ranged Weapons
  3709 | D:4      | Learned a level 1 spell: Shock
  3809 | D:4      | Found an ancient bone altar of Kikubaaqudgha.
  3849 | D:4      | Your scales start taking on a pale cyan-grey colour.
  3849 | D:4      | Reached XP level 7. HP: 56/56 MP: 7/7
  3849 | D:4      | Gained mutation: You are immune to the effects of steam.
                  | [Pale Draconian growth]
  3853 | D:4      | Found a staircase to the Ecumenical Temple.
  4176 | D:5      | Entered Level 5 of the Dungeon
  4213 | D:5      | Found a large runed translucent door.
  4213 | D:5      | Noticed a vampire mosquito
  4214 | D:5      | Found a large runed translucent door.
  4223 | D:5      | Reached skill level 1 in Spellcasting
  4265 | D:5      | Reached skill level 6 in Ranged Weapons
  4596 | D:2      | Bought a scroll of enchant weapon for 90 gold pieces
  4712 | D:5      | Identified the +7 hand axe of Eternal Vigilance {vamp,
                  | rC++}
  4909 | D:5      | Reached skill level 1 in Stealth
  4909 | D:5      | Reached skill level 1 in Ice Magic
  5068 | D:5      | Reached * piety under Ashenzari
  5204 | D:5      | Noticed a vampire
  5264 | D:5      | Reached XP level 8. HP: 66/66 MP: 9/9
  5306 | D:5      | Found a large runed translucent door.
  5307 | D:5      | Found a large runed translucent door.
  5314 | D:5      | Reached skill level 7 in Ranged Weapons
  5357 | D:5      | Reached skill level 1 in Hexes
  5611 | D:6      | Reached skill level 8 in Ranged Weapons
  6067 | D:6      | Reached XP level 9. HP: 72/72 MP: 11/11
  6139 | D:6      | Found a burning altar of Makhleb.
  6139 | D:6      | Noticed an Executioner
  6321 | D:7      | Reached skill level 9 in Ranged Weapons
  6363 | D:7      | Found a shimmering blue altar of Sif Muna.
  6522 | D:7      | Reached skill level 5 in Fighting
  6555 | D:7      | Found a white marble altar of Elyvilon.
  7039 | D:8      | Reached skill level 10 in Ranged Weapons
  7500 | D:7      | Reached XP level 10. HP: 66/83 MP: 4/13
  7587 | D:8      | Found a flagged portal.
  8256 | D:9      | Noticed a two-headed ogre
  8267 | D:9      | Killed a two-headed ogre
  8268 | D:9      | Reached skill level 11 in Ranged Weapons
  8769 | D:9      | Reached skill level 1 in Throwing
  8939 | D:9      | Noticed an orc knight
  9031 | D:9      | Noticed a brown ugly thing
  9042 | D:9      | Killed a brown ugly thing
  9061 | D:9      | Reached XP level 11. HP: 88/92 MP: 10/16
  9218 | D:9      | Found a staircase to the Lair.
  9257 | Lair:1   | Entered Level 1 of the Lair of Beasts
  9408 | D:9      | Reached skill level 12 in Ranged Weapons
 10510 | Lair:2   | Reached skill level 13 in Ranged Weapons
 11296 | Lair:2   | Found a staircase to the Snake Pit.
 11427 | Lair:2   | Noticed a boulder beetle
 11434 | Lair:2   | Killed a boulder beetle
 11435 | Lair:2   | Reached skill level 1 in Evocations
 11449 | Lair:2   | Reached XP level 12. HP: 103/103 MP: 17/17
 12489 | Lair:3   | Reached skill level 14 in Ranged Weapons
 12780 | Lair:3   | Noticed an eight-headed hydra
 12821 | Lair:3   | Killed an eight-headed hydra
 13336 | Lair:3   | Found a staircase to the Shoals.
 13644 | Lair:4   | Reached skill level 10 in Fighting
 13655 | Lair:4   | Reached skill level 15 in Ranged Weapons
 14533 | Lair:4   | Found a viscous altar of Jiyva.
 14533 | Lair:4   | Found a staircase to the Slime Pits.
 14619 | Lair:5   | Entered Level 5 of the Lair of Beasts
 14619 | Lair:5   | Noticed a death yak
 14690 | Lair:5   | Noticed a seven-headed hydra
 14699 | Lair:5   | Killed a seven-headed hydra
 14873 | Lair:5   | Reached ** piety under Ashenzari
 14873 | Lair:5   | Reached *** piety under Ashenzari
 14887 | Lair:5   | Learned a level 3 spell: Tukima's Dance
 14892 | Lair:5   | Reached XP level 13. HP: 114/114 MP: 18/18
 15071 | Lair:5   | Noticed a dire elephant
 15106 | Lair:5   | Killed a dire elephant
 15367 | Lair:5   | Reached skill level 5 in Dodging
 15511 | Lair:5   | Reached skill level 16 in Ranged Weapons
 16969 | Lair:5   | Found a burning altar of Makhleb.
 16980 | Lair:5   | Reached XP level 14. HP: 122/127 MP: 19/19
 17186 | Lair:5   | Found a gateway to Hell.
 17219 | Lair:5   | Upgraded the game from 0.31-a0-828-gb7646bb5e3 to
                  | 0.31-a0-832-g3a2c1c66ba
 17719 | D:9      | Learned a level 3 spell: Dazzling Flash
 17738 | D:9      | Found an iron altar of Okawaru.
 17738 | D:9      | Found a sparkling altar of Nemelex Xobeh.
 18244 | D:9      | Reached skill level 17 in Ranged Weapons
 18969 | D:10     | Entered Level 10 of the Dungeon
 19835 | D:10     | Identified the +2 quarterstaff "Duos Muc" {heavy, Contam
                  | rF+++ rN+ rCorr}
 20004 | D:10     | Found a staircase to the Orcish Mines.
 20038 | D:10     | Noticed Harold
 20065 | D:10     | Killed Harold
 20197 | D:10     | Noticed Psyche
 20200 | D:10     | Killed Psyche
 20755 | D:2      | Bought a scroll of fog for 48 gold pieces
 20755 | D:2      | Bought a scroll of teleportation for 36 gold pieces
 20755 | D:2      | Bought a scroll of poison for 48 gold pieces
 20802 | D:3      | Bought a scroll of fear for 52 gold pieces
 20802 | D:3      | Bought a scroll of teleportation for 39 gold pieces
 21121 | Orc:1    | Entered Level 1 of the Orcish Mines
 21865 | Orc:1    | Noticed Sonja
 21874 | Orc:1    | Killed Sonja
 21875 | Orc:1    | Reached skill level 5 in Hexes
 22082 | Orc:2    | Entered Level 2 of the Orcish Mines
 22091 | Orc:2    | Reached skill level 5 in Spellcasting
 22208 | Orc:2    | Found a staircase to the Elven Halls.
 22424 | Orc:2    | Noticed an orc warlord
 22991 | Orc:2    | Killed an orc warlord
 23125 | Orc:2    | Paralysed by an orc sorcerer for 2 turns
 23413 | Orc:2    | Upgraded the game from 0.31-a0-832-g3a2c1c66ba to
                  | 0.31-a0-835-g2a3a5bc3be
 23458 | Orc:2    | Found Isawnir's Antique Armour Shop.
 23462 | Orc:2    | Found Seobe's General Store.
 23550 | Orc:2    | Bought a wand of mindburst (6) for 142 gold pieces
 23550 | Orc:2    | Bought a scroll of fog for 68 gold pieces
 23680 | Orc:2    | Paralysed by an orc sorcerer for 2 turns
 24162 | Orc:2    | Learned a level 4 spell: Cause Fear
 24250 | Orc:2    | Found Enunylax's Jewellery Shop.
 24280 | Orc:2    | Bought the amulet "Zopnufamp" {Acrobat +Inv Dex+3} for 653
                  | gold pieces
 24301 | Orc:2    | Found Doeh's Antique Weapon Shop.
 24767 | D:11     | Noticed Snorg
 25171 | D:10     | Reached XP level 15. HP: 108/134 MP: 24/24
 26342 | D:12     | Noticed Erolcha
 26346 | D:12     | Killed Erolcha
 26956 | D:12     | Noticed Maurice
 26967 | D:12     | Killed Maurice
 27385 | D:12     | Found a radiant altar of Vehumet.
 28019 | D:13     | Learned a level 2 spell: Call Imp
 28700 | D:14     | Noticed Azrael
 28990 | D:10     | Killed Snorg
 28991 | D:10     | Reached skill level 1 in Summonings
 29256 | Shoals:1 | Entered Level 1 of the Shoals
 29526 | Shoals:1 | Reached skill level 1 in Air Magic
 29530 | Shoals:1 | Learned a level 3 spell: Swiftness
 29530 | Shoals:1 | Upgraded the game from 0.31-a0-835-g2a3a5bc3be to
                  | 0.31-a0-840-g6d2ecbb638
 29819 | Shoals:1 | Upgraded the game from 0.31-a0-840-g6d2ecbb638 to
                  | 0.31-a0-844-gdc52ec4e09
 30265 | Shoals:1 | Found Ytuyr's Jewellery Boutique.
 30759 | Shoals:2 | Reached skill level 15 in Fighting
 31636 | Shoals:2 | Reached skill level 18 in Ranged Weapons
 33387 | Shoals:3 | Shot with an arrow by a satyr

Illustrated notes

Levels and vault maps discovered:
D:1:      sevenhm_arrival_forest_fort_large_4, layout_basic, serial_shops,
          shop_coins, item_on_display_a
D:2:      layout_loops_ring, ebering_ecumenical_altar_webs, serial_shops, shop,
          hangedman_decor_push, corner_web_ring
D:3:      layout_basic, nicolae_ashenzari_panopticon, serial_shops,
          nicolae_shop_rolling_square
D:4:      layout_cave_pools, mainiacjoe_overflow_paths,
          minmay_temple_entry_statues_fountains, chequers_ossuary_entry_cave,
          minmay_lizard_king
D:5:      layout_loops_ring, minmay_hollow_rounded_squares
D:6:      layout_rooms, makhleb_altar_promises_db
D:7:      cheibrodos_steamvent, layout_cave_pools, mainiacjoe_overflow_alcove_1,
          lemuel_round_altar
D:8:      minmay_recursive_quarters, layout_basic, enter_bailey_6
D:9:      layout_basic, gammafunk_temple_overflow_elements,
          grunt_lair_entry_orc_guard_hut, nicolae_rejected_hall
D:10:     layout_basic, zombieorc2_lemuel, uniq_psyche, uniq_harold
D:11:     layout_gridville, st_stairs_11, uniq_snorg
D:12:     layout_long_grid, vehumet_crystals, uniq_erolcha, uniq_maurice
D:13:     layout_basic, feat_on_display
D:14:     layout_cave_pools, ximxim_vaults_locker_room,
          chequers_decorated_corner, uniq_lodul, uniq_azrael
Lair:1:   layout_cellular_growth
Lair:2:   layout_roguey, minmay_snake_entry_guardpost_medium,
          nzn_sisyphean_effort, infiniplex_staircase_pool_2
Lair:3:   layout_loops_ring, minmay_shoals_entry_lonely_mermaid,
          chequers_serial_rivers_small_b
Lair:4:   layout_gridlike, dpeg_slime_entry_enclosed
Lair:5:   evil_forest, layout_small_grid, lemuel_fruit_tree, grunt_megastairs_1
Shoals:1: layout_shoals, serial_shops, nicolae_shop_gaudy_bauble
Shoals:2: layout_shoals
Shoals:3: cheibrodos_shoals_oceanic_diplomacy, layout_shoals,
          nicolae_shoals_drake_roost, uniq_aizul
Orc:1:    layout_diamond_mine, uniq_sonja
Orc:2:    grunt_orc_cross, layout_diamond_mine, basic_altar,
          hangedman_minor_magic

Skill      XL: |  1  2  3  4  5  6  7  8  9 10 11 12 13 14 15 |
---------------+----------------------------------------------+-----
Ranged Weapons | 1 2 3 4 5 6 8 10 11 13 15 16 17 18 | 18.0
Dodging        | 2 3 4 5 6 7 |  7.1
Fighting       | 2 3 4 5 7 8 10 12 14 15 | 15.7
Spellcasting   | 1 2 3 6 7 |  7.4
Stealth        | 1 2 3 4 |  4.5
Ice Magic      | 1 2 3 |  3.6
Hexes          | 1 2 3 5 6 |  6.3
Throwing       | 1 3 4 |  4.7
Evocations     | 1 |  1.6
Summonings     | 2 |  2.2
Air Magic      | 1 |  1.4
Short Blades   | |  0.3
Unarmed Combat | |  3.4
Conjurations   | |  0.7
Shapeshifting  | |  3.2

Action                     |  1- 3 |  4- 6 |  7- 9 | 10-12 | 13-15 || total
---------------------------+-------+-------+-------+-------+-------++-------
  Melee: Unarmed           |    11 |       |       |       |       ||    11
         Short sword       |    24 |    25 |       |       |       ||    49
         Tailslap          |     2 |     5 |       |       |       ||     7
         Punch             |     1 |     1 |       |       |       ||     2
   Fire: Shortbow          |    81 |     5 |       |       |       ||    86
         Orcbow            |       |   124 |   218 |   566 |  1556 ||  2464
  Throw: Dart              |       |       |       |    12 |     2 ||    14
         Javelin           |       |       |       |    32 |     9 ||    41
         Throwing net      |       |       |       |       |     8 ||     8
   Cast: Ensorcelled Hiber |       |     5 |    24 |    26 |     1 ||    56
         Tukima's Dance    |       |       |       |       |    77 ||    77
         Dazzling Flash    |       |       |       |       |     3 ||     3
         Call Imp          |       |       |       |       |    22 ||    22
         Shock             |       |       |       |       |    15 ||    15
 Invoke: Curse Item        |       |       |     2 |     1 |     1 ||     4
  Evoke: Wand              |       |       |       |     8 |     2 ||    10
    Use: Scroll            |     6 |     6 |     6 |     7 |    20 ||    45
         Potion            |       |       |     1 |     9 |     7 ||    17
 Armour: Skin              |    26 |    57 |    71 |   160 |   350 ||   664
  Dodge: Dodged            |    39 |    49 |    40 |   120 |   330 ||   578

Table legend: (Time is in decaauts)
 A = Elapsed time spent in this place.
 B = Non-inter-level travel time spent in this place.
 C = Inter-level travel time spent in this place.
 D = Time resting spent in this place.
 E = Time spent auto-exploring this place.
 F = Levels seen in this place.
 G = Mean time per level.
                   A        B        C        D        E       F      G
               +--------+--------+--------+--------+--------+-----+--------+
         Total |  33544 |  33283 |    261 |   6938 |      0 |  25 | 1341.8 |
       Dungeon |  17354 |  17093 |    261 |   3143 |      0 |  14 | 1239.6 |
          Lair |   7972 |   7972 |      0 |   1451 |      0 |   5 | 1594.4 |
        Shoals |   4625 |   4625 |      0 |   1590 |      0 |   3 | 1541.7 |
  Orcish Mines |   3234 |   3234 |      0 |    614 |      0 |   2 | 1617.0 |
       Ossuary |    357 |    357 |      0 |    139 |      0 |   1 |  357.0 |
               +--------+--------+--------+--------+--------+-----+--------+

Top non-repeatable levels by time:
     D:9: 3206 daAuts
   Orc:2: 2366 daAuts
  Lair:5: 2150 daAuts
    D:10: 2140 daAuts
Shoals:2: 1781 daAuts
Shoals:1: 1696 daAuts
  Lair:3: 1669 daAuts
  Lair:2: 1636 daAuts
  Lair:4: 1401 daAuts
     D:1: 1360 daAuts
    D:11: 1241 daAuts
    D:13: 1233 daAuts
     D:5: 1174 daAuts
     D:3: 1154 daAuts
Shoals:3: 1147 daAuts
